 Dungeon Crawl Stone Soup version 0.26-a0-652-gafc20e3620 (webtiles) character file.

Game seed: 10452515450696538474

46 smeego the Shield-Bearer (level 3, -1/26 HPs)
             Began as an Octopode Fighter on Oct 3, 2020.
             Slain by a gnoll
             ... wielding a +0 spear
              (11 damage)
             ... on level 2 of the Dungeon.
             The game lasted 00:01:03 (373 turns).

smeego the Shield-Bearer (Octopode Fighter)          Turns: 373, Time: 00:01:04

Health: -1/26      AC:  1    Str: 16    XL:     3   Next: 68%
Magic:  3/3        EV: 11    Int: 10    God:
Gold:   57         SH:  8    Dex: 11    Spells: 2/2 levels left

rFire    . . .     SeeInvis .   a - +0 long sword
rCold    . . .     Faith    .   b - +0 kite shield
rNeg     . . .     Spirit   .   (helmet restricted)
rPois    .         Reflect  .   (no amulet)
rElec    .         Harm     .   (no ring)
rCorr    .         Rampage  .   (no ring)
MR       .....                  (no ring)
Stlth    +++.......             (no ring)
HPRegen  0.08/turn              (no ring)
MPRegen  0.08/turn              (no ring)
                                (no ring)
                                (no ring)

@: no status effects
A: almost no armour, stealthy swim, amphibious, 8 rings, constrict 8, camouflage
1, gelatinous body 1
a: no special abilities


You were on level 2 of the Dungeon.
You visited 1 branch of the dungeon, and saw 2 of its levels.

You collected 57 gold pieces.

Inventory:

Hand Weapons
 a - a +0 long sword (weapon)
Missiles
 f - 9 poisoned darts (quivered)
Armour
 b - a +0 kite shield (worn)
Scrolls
 d - a scroll of identify {unknown}
 e - a scroll of remove curse {unknown}
Potions
 c - a potion of might


   Skills:
 + Level 3.2 Fighting
 * Level 2.6 Long Blades
 + Level 0.7 Throwing
 + Level 3.2 Dodging
 + Level 1.2 Stealth
 + Level 3.2 Shields
 + Level 1.0 Unarmed Combat


You had 2 spell levels left.
You didn't know any spells.
Your spell library was empty.

Dungeon Overview and Level Annotations

Branches:
Dungeon (1/15)

Altars:


Innate Abilities, Weirdness & Mutations

You cannot wear most types of armour.
You are very stealthy in the water. (Stealth+)
You are amphibious.
You can wear up to eight rings at the same time.
You can use your tentacles to constrict eight enemies at once.
Your skin changes colour to match your surroundings (Stealth+).
Your rubbery body absorbs attacks. (AC +1, EV +1)


Message History

The gnoll barely misses you.
You hit the gnoll. Your grab misses the gnoll.
The gnoll is severely wounded.
The gnoll barely misses you. You block the gnoll's attack.
You barely miss the gnoll. You grab the gnoll.
The gnoll is severely wounded.
You constrict the gnoll. The gnoll barely misses you.
You hit the gnoll.
You kill the gnoll!
You block the gnoll's attack.
You barely miss the gnoll. Your grab misses the gnoll. You squeeze the gnoll!
The gnoll is severely wounded.
The gnoll misses you. The gnoll hits you with a +0 club!
The gnoll hits you with a +0 club. You block the gnoll's attack.
You hit the gnoll.
You kill the gnoll!
Your Unarmed Combat skill increases to level 1!
The gnoll closely misses you. You block the gnoll's attack.
The gnoll hits you from afar with a +0 spear!
You die...

#.# . ..# #########.#.#
..## #.......#.#.# #l.###
#.##...g....# #g... #.##
#.##.##)#.### #..# #...
#.##.##g#.#####.># ####
#.##..#g#†g.gg.g.# #..
#.###.#.#######†..# #.#
#.###.#@# ....[# #.#
#.......# )g....##.#
#######...#### ........#..
.............+ ........+..
#######...####.........###
#..## .....## #.## #.# #.#
#+#


You could see 2 gnolls and a hobgoblin.

Vanquished Creatures
  2 gnolls (D:2)
  A worm (D:2)
  A dart slug (D:1)
  A leopard gecko (D:2)
  3 bats
  3 goblins
  4 hobgoblins (D:1)
  2 jackals (D:2)
  2 frilled lizards (D:1)
  A kobold (D:1)
20 creatures vanquished.

Notes
Turn   | Place    | Note
-------+----------+-------------------------------------------
     0 | D:1      | smeego the Octopode Fighter began the quest for the Orb.
     0 | D:1      | Reached XP level 1. HP: 16/16 MP: 1/1
    73 | D:1      | Reached XP level 2. HP: 21/21 MP: 2/2
   240 | D:1      | You fall into a shaft and drop 1 floor!
   349 | D:2      | Reached XP level 3. HP: 9/26 MP: 3/3
   352 | D:2      | Reached skill level 1 in Stealth
   368 | D:2      | Reached skill level 1 in Unarmed Combat
   373 | D:2      | Slain by a gnoll

Illustrated notes

Levels and vault maps discovered:
D:1:      zaba_arrival_water, layout_basic, hex_tiny,
          chequers_serial_rivers_small_a, wander_ebering_terrifying_dragon_lair
D:2:      layout_loops_corners, kennysheep_generic_room_12

Skill      XL: |  1  2  3 |
---------------+----------+-----
Stealth        | 1 |  1.2
Unarmed Combat | 1 |  1.0
Fighting       | |  3.2
Long Blades    | |  2.6
Throwing       | |  0.7
Dodging        | |  3.2
Shields        | |  3.2

Action                   || total
-------------------------++-------
Melee: Long sword        ||    36
       Constrict         ||    13
       Tentacles         ||    10
  Use: Potion            ||     1
 Stab: Sleeping          ||     1
Armor: Skin              ||     4
Dodge: Dodged            ||    17
Block: Kite shield       ||    15
       Rpst.: Long sword ||     5

Table legend: (Time is in decaauts)
 A = Elapsed time spent in this place.
 B = Non-inter-level travel time spent in this place.
 C = Inter-level travel time spent in this place.
 D = Time resting spent in this place.
 E = Time spent auto-exploring this place.
 F = Levels seen in this place.
 G = Mean time per level.
                   A        B        C        D        E       F      G
               +--------+--------+--------+--------+--------+-----+--------+
         Total |    386 |    386 |      0 |      0 |    277 |   2 |  193.0 |
       Dungeon |    386 |    386 |      0 |      0 |    277 |   2 |  193.0 |
               +--------+--------+--------+--------+--------+-----+--------+

Top non-repeatable levels by time:
     D:1: 247 daAuts
     D:2: 139 daAuts
